Map: Dusk Towers

Players

Manta - Winner!

  • Race: Zerg Zerg
  • League: Silver

ROnDEAu

  • Race: Terran Terran
  • League: Silver

VOD

Have the link to the VOD?

Description

Time

  • Played on: Feb. 15, 2016, 1:04 p.m.
  • Length: 26:21
Show
View Real Time Build Order
Export as new Build Order

Manta Zerg - Winner!

Build Orders: Hatch First 

Get SALT Encoding   

  12  0:02  Drone  
  13  0:12  Overlord  
  13  0:17  Drone  
  14  0:33  Drone x2  
  16  0:38  Drone  
  17  0:53  Hatchery  
  17  0:56  Drone  
  17  1:00  Drone  
  18  1:10  Extractor  
  17  1:16  Spawning Pool  
  17  1:18  Drone  
  17  1:25  Overlord  
  17  1:29  Drone  
  18  1:39  Drone  
  19  2:03  Zergling x4  
  19  2:06  Queen  
  19  2:07  Queen  
  25  2:09  Drone  
  26  2:17  Roach Warren  
  26  2:22  Extractor  
  24  2:24  Drone  
  24  2:26  Drone  
  26  2:32  Drone  
  27  2:49  Drone x4  
  27  2:50  Drone  
  32  2:55  Drone  
  33  2:59  Lair  
  33  3:06  Drone x2  
  35  3:23  Overlord x2  
  35  3:33  Drone  
  36  3:37  Drone, Hatchery  
  36  3:56  Extractor  
  36  3:59  Drone x6  
  36  4:00  Drone x5  
  46  4:09  Evolution Chamber  
  45  4:14  Queen  
  47  4:18  Evolution Chamber  
  47  4:19  Drone x3  
  47  4:21  Drone  
  50  4:27  Extractor  
  49  4:41  Drone x3  
  49  4:44  Overlord x2  
  52  4:47  Zerg Ground Armor Level 1, Zerg Missile Weapons Level 1  
  52  4:54  Queen  
  52  4:57  Drone x2  
  52  4:58  Drone x2  
  58  5:04  Drone  
  58  5:05  Drone x4  
  58  5:06  Drone  
  64  5:17  Roach x4  
  64  5:19  Overlord  
  72  5:30  Drone  
  72  5:31  Drone  
  74  5:38  Hatchery  
  73  5:44  Overlord x2  
  73  5:54  Overlord x2  
  73  6:00  Extractor  
  73  6:01  Extractor  
  73  6:03  Roach x2  
  73  6:04  Roach x6  
  69  6:25  Spore Crawler  
  68  6:29  Spore Crawler  
  67  6:36  Queen  
  65  6:56  Drone x6  
  65  6:57  Drone x2  
  65  7:32  Roach x5  
  65  7:33  Roach x7  
  65  7:34  Queen  
  91  7:40  Queen  
  93  7:46  Spore Crawler  
  93  7:51  Drone x5  
  95  7:57  Ravager x3, Spore Crawler  
  95  7:58  Ravager  
  100  8:05  Drone x4  
  104  8:09  Overlord x5  
  103  8:31  Drone  
  103  8:33  Roach x2  
  103  8:34  Roach x7  
  116  8:35  Roach  
  124  8:48  Roach x5  
  132  8:49  Roach x2  
  138  9:09  Zerg Ground Armor Level 2, Zerg Missile Weapons Level 2  
  131  9:46  Drone x5  
  131  9:47  Drone x2, Overlord x3  
  131  9:48  Overlord x3  
  138  9:52  Spire  
  138  9:57  Drone x4  
  141  10:00  Drone x2  
  141  10:04  Drone  
  144  10:08  Drone x5  
  144  10:12  Extractor  
  148  10:14  Extractor  
  148  10:19  Overseer  
  147  10:27  Infestation Pit  
  147  10:28  Pneumatized Carapace  
  146  10:29  Drone x2  
  146  10:30  Drone x5  
  146  10:31  Drone  
  146  10:32  Drone x5  
  150  11:09  Mutalisk x6  
  150  11:10  Mutalisk x6  
  150  11:11  Mutalisk  
  176  11:29  Zerg Flyer Armor Level 1  
  176  11:31  Hive  
  176  11:46  Hatchery  
  175  11:47  Mutalisk x3  
  175  11:51  Hatchery  
  172  12:10  Mutalisk x3  
  172  12:11  Zergling x2  
  172  12:12  Zergling x8  
  172  12:14  Overlord x4  
  172  12:15  Overlord  
  183  12:24  Overlord x3  
  183  12:30  Hatchery  
  183  12:32  Queen x2  
  186  13:10  Drone  
  186  13:11  Drone x2  
  189  13:29  Corruptor x2  
  189  13:30  Corruptor  
  189  13:32  Corruptor x2  
  199  13:41  Ultralisk Cavern  
  198  13:46  Extractor  
  198  13:48  Extractor  
  196  13:57  Queen  
  141  15:04  Mutalisk  
  141  15:05  Mutalisk x6  
  141  15:06  Mutalisk x7  
  141  15:07  Mutalisk  
  165  15:08  Ultralisk x3  
  165  15:13  Ultralisk  
  195  15:58  Roach  
  195  15:59  Roach  
  179  16:36  Mutalisk x4  
  179  16:37  Mutalisk x6  
  173  17:06  Chitinous Plating  
  173  17:07  Zerg Flyer Armor Level 2  
  173  17:10  Zerg Ground Armor Level 3, Zerg Missile Weapons Level 3  
  173  17:28  Hatchery  
  172  17:40  Glial Reconstitution  
  172  17:48  Extractor  
  171  17:54  Spire  
  171  17:58  Queen, Spire  
  171  18:00  Hatchery  
  182  18:12  Ultralisk  
  182  18:13  Ultralisk x3  
  182  18:14  Roach x2  
  198  18:32  Hatchery  
  198  18:33  Ravager  
  198  18:34  Ravager  
  175  19:31  Ultralisk x4, Mutalisk x5  
  160  19:33  Zergling x10  
  160  19:38  Drone x4  
  153  19:39  Extractor  
  126  20:15  Drone x2  
  126  20:16  Drone  
  126  20:17  Drone x2  
  126  20:20  Greater Spire  
  126  20:21  Zerg Flyer Armor Level 3  
  131  20:23  Zerg Flyer Weapons Level 1  
  131  20:34  Mutalisk x2, Extractor  
  131  20:35  Mutalisk x5  
  136  20:37  Extractor  
  143  21:33  Hatchery  
  143  21:34  Drone x3  
  143  21:39  Hatchery  
  138  22:10  Extractor  
  138  22:12  Mutalisk x5, Extractor  
  138  22:13  Mutalisk x4, Viper  
  138  22:15  Ultralisk x5, Mutalisk x3  
  185  22:16  Mutalisk x4  
  196  23:26  Extractor  
  191  23:27  Extractor  
  182  23:38  Ultralisk x2, Mutalisk x3  
  145  24:38  Mutalisk x2  
  145  24:39  Mutalisk x5  
  145  24:40  Ultralisk x2  
  145  24:41  Ultralisk x5, Mutalisk x4  
  193  25:27  Ultralisk  
Show
View Real Time Build Order
Export as new Build Order

ROnDEAu Terran 

Build Orders:  

Get SALT Encoding   

  12  0:00  SCV  
  13  0:13  SCV  
  14  0:23  Supply Depot  
  14  0:25  SCV  
  15  0:35  Supply Depot  
  15  0:40  Refinery  
  15  0:49  Barracks  
  15  0:53  SCV  
  16  1:20  SCV  
  17  1:32  Refinery, SCV  
  18  1:39  Bunker, Marine  
  19  1:51  Factory  
  19  1:57  Marine  
  20  2:13  Barracks  
  20  2:15  Marine  
  21  2:33  Marine  
  22  2:37  Starport  
  22  2:50  Widow Mine  
  24  2:54  Barracks Reactor  
  24  3:00  Barracks Reactor  
  24  3:04  SCV  
  25  3:16  Medivac, SCV  
  25  3:18  Widow Mine  
  30  3:32  Marine  
  31  3:40  Supply Depot  
  31  3:55  Supply Depot  
  31  3:56  Supply Depot  
  31  4:01  Widow Mine  
  31  4:02  Medivac, Marine x3  
  38  4:05  Marine  
  39  4:14  Supply Depot  
  39  4:17  SCV  
  39  4:22  Marine  
  39  4:23  Marine  
  42  4:30  Widow Mine  
  44  4:41  Supply Depot, Marine x2  
  46  4:45  Marine x2  
  46  4:49  Starport Tech Lab  
  48  4:59  Marine  
  49  5:09  Factory Tech Lab  
  49  5:11  Raven  
  51  5:17  Marine x3  
  51  5:18  Marine  
  55  5:35  Marine  
  56  5:39  Marine  
  56  5:40  Marine x2  
  57  7:04  Marine  
  57  7:05  Marine x3  
  59  7:22  Marine x2  
  58  7:23  Marine x2  
  58  7:29  Corvid Reactor  
  57  7:30  Raven  
  59  7:40  Marine x4  
  59  7:42  Engineering Bay  
  63  7:45  Engineering Bay, Armory  
  63  7:51  Orbital Command  
  63  7:58  Marine x4  
  67  8:15  Marine  
  67  8:16  Marine  
  69  8:26  Siege Tank  
  62  8:39  Missile Turret  
  62  8:40  Missile Turret  
  62  8:45  Missile Turret  
  62  8:47  Missile Turret x2  
  62  8:49  Missile Turret  
  62  8:53  Command Center  
  62  8:58  Siege Tank  
  65  9:11  Marine x2  
  65  9:30  Siege Tank  
  68  9:46  Medivac  
  68  9:48  Marine  
  71  10:04  Marine  
  71  10:05  Siege Tank  
  75  10:08  Missile Turret  
  75  10:09  Missile Turret  
  75  10:16  Viking  
  77  10:27  Orbital Command  
  77  10:46  Viking  
  79  10:52  Missile Turret  
  79  10:54  Sensor Tower  
  79  11:20  SCV  
  79  11:21  SCV  
  79  11:24  Refinery  
  81  11:27  Refinery  
  81  11:33  Missile Turret, SCV x2  
  83  11:45  SCV x2  
  85  11:57  SCV  
  84  12:01  SCV  
  83  12:09  SCV  
  83  12:13  Missile Turret, SCV  
  83  12:14  Missile Turret  
  83  12:15  Missile Turret x4  
  85  12:17  Missile Turret  
  85  12:22  Missile Turret  
  85  12:30  Missile Turret, Marine  
  86  12:45  Missile Turret  
  86  12:46  Missile Turret  
  86  12:49  Supply Depot  
  86  12:56  Supply Depot  
  86  13:11  Marine x2  
  88  13:13  Marine x2  
  88  13:15  Starport Tech Lab  
  88  13:19  Terran Infantry Weapons Level 1  
  90  13:24  Terran Infantry Armor Level 1  
  90  13:29  Marine x2  
  90  13:31  Marine x2  
  94  13:35  Missile Turret  
  94  13:38  Sensor Tower  
  94  13:41  Missile Turret  
  94  13:46  Marine  
  95  13:57  Starport Reactor  
  95  13:58  Barracks  
  95  14:02  Barracks  
  95  14:18  Command Center  
  95  14:25  SCV x2  
  80  14:57  Supply Depot  
  80  14:59  Marine x2  
  82  15:01  Viking  
  82  15:02  Viking, Missile Turret  
  86  15:11  Missile Turret  
  86  15:15  Missile Turret  
  86  15:16  Terran Vehicle Weapons Level 1  
  86  15:21  Missile Turret  
  86  15:25  Siege Tank  
  89  15:50  Combat Shields  
  89  15:51  Concussive Shells  
  89  15:52  Terran Infantry Weapons Level 2  
  89  15:53  Terran Infantry Armor Level 2  
  89  16:07  Marine x6  
  95  16:13  Orbital Command  
  93  16:24  Marine  
  93  16:25  Marine x4  
  78  16:29  Marauder  
  65  16:38  SCV  
  66  16:43  Marauder  
  68  16:48  Liberator  
  68  16:50  Marauder, SCV  
  67  16:57  Bunker  
  67  17:02  SCV  
  67  17:03  Siege Tank  
  67  17:07  Marine  
  75  17:15  SCV  
  76  17:20  Missile Turret  
  76  17:22  Marauder  
  78  17:23  Missile Turret  
  78  17:24  Marauder  
  78  17:27  SCV  
  81  17:31  Marine x4  
  81  17:35  Siege Tank  
  88  17:43  Marine  
  89  17:59  Marine x4  
  89  18:00  Marauder  
  89  18:01  Marine  
  96  18:18  Viking x2  
  96  18:19  Marauder  
  102  18:36  Marauder, Marine x2  
  102  18:41  Marauder, SCV  
  109  18:48  Viking x2  
  109  18:53  SCV  
  114  19:03  Missile Turret x2  
  114  19:05  Missile Turret, SCV  
  115  19:14  Terran Infantry Weapons Level 3  
  115  19:17  SCV  
  115  19:19  Terran Vehicle And Ship Armor Level 1  
  115  19:22  Viking x2  
  115  19:29  SCV  
  112  19:41  SCV  
  103  19:47  Marine x4  
  103  19:48  Marauder x2  
  103  19:52  Viking x2  
  103  20:05  Marine x4  
  107  20:09  Marauder  
  109  20:14  Building Armor  
  109  20:15  Bunker  
  109  20:17  Supply Depot  
  109  20:21  Marauder  
  111  20:22  Supply Depot  
  111  20:23  Marine x4  
  111  20:25  Supply Depot  
  115  20:30  Marauder  
  117  20:40  Marine  
  117  20:41  Refinery, Marine  
  117  20:42  Marauder  
  121  20:52  Marauder  
  123  21:03  Marauder  
  125  21:13  Marauder, Terran Vehicle Weapons Level 2  
  127  21:22  Marine x4  
  127  21:25  Marauder  
  133  21:29  Missile Turret  
  133  21:34  Marauder  
  133  21:37  Siege Tank  
  138  21:40  Marine x2  
  138  21:46  Marauder  
  142  21:50  Neosteel Frame  
  142  21:54  Hi-Sec Auto Tracking  
  142  21:56  Marauder  
  139  22:02  Missile Turret x2  
  139  22:08  Marauder  
  139  22:09  Siege Tank  
  142  22:15  Missile Turret  
  142  22:17  Marauder  
  144  22:26  Missile Turret  
  144  22:29  Marauder  
  146  22:39  Marauder  
  146  22:41  Siege Tank  
  151  22:53  Marauder, Marine x4  
  157  23:17  Marauder  
  157  23:18  Marauder  
  95  23:38  Marauder  
  95  23:40  Marauder, Marine x4  
  103  23:58  Marine x2  
  103  24:00  Marauder  
  103  24:02  Marauder  
  59  24:21  Marauder  
  37  25:05  Barracks x2  
  37  25:06  Barracks x2  
Tags
 
Add a new tag
Caveats
  • Supply blocks, unpowered buildings, or Contaminate may cause inaccurate times.
  • Supply counts are checked every 10 seconds.